[Event "Early-Titled-Tuesday-Blitz-September-05-2023"]
[Site "Chess.com"]
[Date "2023.09.05"]
[Round "10"]
[White "BlueWizzard"]
[Black "Polish_fighter3000"]
[Result "0-1"]
[WhiteElo "2919"]
[BlackElo "3093"]
[TimeControl "180+1"]
[EndTime "9:52:36 PDT"]
[Termination "Polish_fighter3000 won by resignation"]

1. e4 g6 2. Nf3 Bg7 3. Bc4 e6 4.
O-O b6 5. Nc3 Bb7 6. Re1 d6 7.
a4 a6 8. d3 Nd7 9. Bf4 Ne7 10. Qd2 h6 11. h3 g5 12. Bg3 Ne5 13.
Bxe5 dxe5 14. Ne2 Ng6 15. c3 Bf6 16. Rad1 h5 17. Nh2 Qe7 18. Qe3 O-O-O 19. d4 Nf4 20. Nf3 exd4 21. cxd4 Nxe2+ 22. Qxe2 g4 23. Ne5 gxh3 24.
Bxa6 Bxe5 25. dxe5 hxg2 26. Rxd8+ Qxd8 27. Bxb7+ Kxb7 28. Kxg2 Rg8+ 29. Kf1 h4 30. a5 h3 31. Qf3 h2 32. Ke2 Rg1 33. Qh3 h1=Q 34. a6+ 0-1

[Event "Early-Titled-Tuesday-Blitz-September-05-2023"]
[Site "Chess.com"]
[Date "2023.09.05"]
[Round "10"]
[White "Ali_rastbod"]
[Black "tptagain"]
[Result "0-1"]
[WhiteElo "2718"]
[BlackElo "2932"]
[TimeControl "180+1"]
[EndTime "9:52:36 PDT"]
[Termination "tptagain won by resignation"]

1. d4 d5 2. Nf3 e6 3. Bf4 Bd6 4.
e3 Ne7 5. Bd3 O-O 6. O-O Bxf4 7.
exf4 b6 8. Re1 c5 9. c3 Ba6 10.
Bxh7+ Kxh7 11. Ng5+ Kg8 12. Re3 Nf5 13. Qh5 Nh6 14.
Nd2 cxd4 15. Rh3 Qf6 16. Ndf3 Nc6 17. Rd1 dxc3 18. bxc3 Be2 19. Re1 Bxf3 20. Qxf3 Rac8 21. Rh5 Ne7 0-1

[Event "Early-Titled-Tuesday-Blitz-September-05-2023"]
[Site "Chess.com"]
[Date "2023.09.05"]
[Round "10"]
[White "lamomiajunior"]
[Black "CristianS27"]
[Result "1-0"]
[WhiteElo "2702"]
[BlackElo "2529"]
[TimeControl "180+1"]
[EndTime "9:52:37 PDT"]
[Termination "lamomiajunior won by resignation"]

1. d4 Nf6 2. Nc3 g6 3. e4 d6 4. Be3 Bg7 5. Qd2 c6 6. Bh6 Bxh6 7. Qxh6 Qa5 8. Bd3 Nbd7 9. Nf3 e5 10. dxe5 dxe5 11.
O-O-O b5 12. Nxe5 b4 13. Nxd7 Bxd7 14. Nb1 O-O-O 15. Bc4 Nxe4 16. Qf4 Rhe8 17. Rhe1 f5 18. f3 g5 19. Qe3 Nc3 20. Qxg5 Nxd1 21. Rxd1 Qe5 22.
Nd2 Be6 23. Bd3 Bxa2 24. Qh4 a5 25. Qxh7 Bd5 26. Ba6+ 1-0

[Event "Early-Titled-Tuesday-Blitz-September-05-2023"]
[Site "Chess.com"]
[Date "2023.09.05"]
[Round "10"]
[White "angryspacevoid"]
[Black "AquivaRubinstein"]
[Result "0-1"]
[WhiteElo "2604"]
[BlackElo "2489"]
[TimeControl "180+1"]
[EndTime "9:52:39 PDT"]
[Termination "AquivaRubinstein won by resignation"]

1. e4 Nf6 2. e5 Nd5 3. c4 Nb6 4. d4 d6 5. f4 dxe5 6. fxe5 c5 7. d5 e6 8. Nf3 exd5 9. cxd5 Qxd5 10. Bb5+ Bd7 11.
Bxd7+ N8xd7 12. Qe2 Qc4 13. Qe3 Be7 14. Nbd2 Qa6 15.
Rf1 O-O-O 16. a4 Nd5 17. Qb3 Nb4 18. Kf2 c4 19. Nxc4 Nc5 20. Qc3 Rd3 21. Nd6+ Bxd6 22. Qxb4 Rxf3+ 23. Kxf3 Qxf1+ 24. Kg3 Bxe5+ 25. Kh3 Qf5+ 26.
Kh4 Bf6+ 27. Kg3 Ne4+ 28. Qxe4 Qxe4 29. Bf4 Be5 30. Bxe5 Qxe5+ 31. Kf3 Rd8 0-1

[Event "Early-Titled-Tuesday-Blitz-September-05-2023"]
[Site "Chess.com"]
[Date "2023.09.05"]
[Round "10"]
[White "Good_Knight_Kiss"]
[Black "Bobbybunny"]
[Result "0-1"]
[WhiteElo "2327"]
[BlackElo "2185"]
[TimeControl "180+1"]
[EndTime "9:52:39 PDT"]
[Termination "Bobbybunny won by resignation"]

1. e4 c5 2. Nf3 g6 3. d4 cxd4 4.
Qxd4 Nf6 5. e5 Nc6 6. Qa4 Nd5 7. Qe4 Nb6 8. Nc3 d5 9. exd6 Bf5 10. Qh4 Bg7 11.
dxe7 Qxe7+ 12. Qxe7+ Kxe7 13. Bg5+ f6 14. Be3 Rhe8 15.
O-O-O Be6 16. Bb5 Rec8 17. Rhe1 Kf7 18. Nd4 Nxd4 19. Bxd4 Bc4 20. Bxb6 axb6 21. Re7+ Kxe7 22. Rd7+ Kf8 0-1

[Event "Early-Titled-Tuesday-Blitz-September-05-2023"]
[Site "Chess.com"]
[Date "2023.09.05"]
[Round "10"]
[White "ErikRonka"]
[Black "BlitzWizard04"]
[Result "0-1"]
[WhiteElo "2491"]
[BlackElo "2603"]
[TimeControl "180+1"]
[EndTime "9:52:40 PDT"]
[Termination "BlitzWizard04 won on time"]

1. e4 c5 2. Nf3 e6 3. d4 cxd4 4.
Nxd4 Nc6 5. Nc3 Qc7 6. Be3 a6 7. Qd2 Nf6 8. O-O-O Bb4 9. f3 Ne7 10. Nde2 d5 11. Bg5 dxe4 12. Bxf6 gxf6 13. Qd4 exf3 14.
Qxb4 fxe2 15. Bxe2 f5 16. Kb1 Bd7 17. Bf3 Bc6 18.
Bxc6+ Nxc6 19. Qh4 Qe7 20. Qh5 Rd8 21. a3 O-O 22.
Rde1 Qf6 23. Rhf1 Qg6 24. Qf3 Rd2 25. Rg1 Rfd8 26. g4 f4 27. Ne4 Rxc2 28. Qxf4 Rc4 29.
Ka2 Rdd4 30. Nf6+ Kf8 31. Qf2 Rf4 32. Nd7+ Ke7 33. Qd2 Rfd4 34. Qe2 Kxd7 35. Rc1 Rxc1 36. Rxc1 Qd3 0-1

[Event "Early-Titled-Tuesday-Blitz-September-05-2023"]
[Site "Chess.com"]
[Date "2023.09.05"]
[Round "10"]
[White "mamey78"]
[Black "GaalZsoka"]
[Result "0-1"]
[WhiteElo "2576"]
[BlackElo "2486"]
[TimeControl "180+1"]
[EndTime "9:52:41 PDT"]
[Termination "GaalZsoka won by resignation"]

1. e4 c6 2. d4 g6 3. Nc3 d5 4.
Nf3 Bg7 5. h3 dxe4 6. Nxe4 Nd7 7. Bc4 Ngf6 8. Ng3 O-O 9. O-O a5 10. a4 Nb6 11. Bb3 Nbd5 12. Re1 Qc7 13. Bg5 h6 14.
Bd2 b6 15. Ne5 Bb7 16. Qc1 Kh7 17. c4 Nb4 18. Bf4 Qd8 19. Qe3 e6 20. Rad1 g5 21. Bxg5 hxg5 22. Qxg5 Bh6 23. Qh4 Nd7 24. Qe4+ f5 25. Qe2 Nxe5 26. Qxe5 Rf6 27. c5 Nd5 28. Bxd5 cxd5 29. cxb6 Rg6 30. Nxf5 exf5 31. Qxf5 Qg5 32. Qxg5 Bxg5 0-1

[Event "Early-Titled-Tuesday-Blitz-September-05-2023"]
[Site "Chess.com"]
[Date "2023.09.05"]
[Round "10"]
[White "Magila31"]
[Black "HanSchut"]
[Result "1-0"]
[WhiteElo "2430"]
[BlackElo "2257"]
[TimeControl "180+1"]
[EndTime "9:52:42 PDT"]
[Termination "Magila31 won by resignation"]

1. d4 Nf6 2. c4 g6 3. Nc3 d5 4. Nf3 Bg7 5. Bg5 Ne4 6. Bh4 Nxc3 7. bxc3 dxc4 8. e3 Be6 9. Qb1 b6 10. Be2 O-O 11. O-O c5 12. Rd1 Qc7 13. Bg3 Qc8 14. Ng5 cxd4 15. Nxe6 Qxe6 16. cxd4 Nd7 17. Qb5 a6 18. Qxc4 Qxc4 19. Bxc4 b5 20. Bd5 Rad8 21. Bc7 Rc8 22. Rac1 e5 23. Bb7 Rce8 24. Bxa6 exd4 25.
Bxb5 dxe3 26. Rxd7 exf2+ 27. Kxf2 Re4 28. Rc4 Re5 29.
Bxe5 1-0

[Event "Early-Titled-Tuesday-Blitz-September-05-2023"]
[Site "Chess.com"]
[Date "2023.09.05"]
[Round "10"]
[White "Vsevolod_Ovchinnikov"]
[Black "Dixit_Nikhil"]
[Result "0-1"]
[WhiteElo "2589"]
[BlackElo "2523"]
[TimeControl "180+1"]
[EndTime "9:52:45 PDT"]
[Termination "Dixit_Nikhil won by resignation"]

1. d4 a6 2. e4 b6 3. Bd3 g6 4. f4 Bg7 5. c3 Bb7 6. Nf3 e6 7. Qe2 d6 8. Nbd2 Ne7 9. Nf1 Nd7 10.
h4 h5 11. Ng5 c5 12. Be3 cxd4 13. cxd4 Nc6 14. Nf3 Nb4 15. Bb1 a5 16. a3 Ba6 17.
Qd1 Nc6 18. Ng3 Nf6 19. Bd3 Ng4 20. Bg1 Bxd3 21. Qxd3 O-O 22. Rd1 d5 23. e5 a4 24.
Be3 Na5 25. Bc1 Rc8 26. Nf1 Nb3 27. Be3 Qc7 28. N3d2 Qc2 29. Nxb3 axb3 30. Qd2 Rc4 31. g3 Rfc8 32. Ke2 Qe4 33. Nh2 Rc2 0-1

[Event "Early-Titled-Tuesday-Blitz-September-05-2023"]
[Site "Chess.com"]
[Date "2023.09.05"]
[Round "10"]
[White "CSB7"]
[Black "GeorgiosSouleidis"]
[Result "1-0"]
[WhiteElo "2709"]
[BlackElo "2549"]
[TimeControl "180+1"]
[EndTime "9:52:49 PDT"]
[Termination "CSB7 won on time"]

1. d4 Nf6 2. c4 g6 3. Nc3 Bg7 4. e4 d6 5. Nf3 O-O 6. Be2 e5 7. d5 a5 8. Bg5 h6 9. Be3 Ng4 10.
Bd2 f5 11. h3 Nf6 12. exf5 gxf5 13. Qc1 f4 14. g3 e4 15. Nh4 e3 16. fxe3 fxg3 17. Ng6 Re8 18. Rg1 Bf5 19. Rxg3 Na6 20.
e4 Nxe4 21. Nxe4 Rxe4 22. Bc3 Qe8 23. Nf4 Re7 24. Ne6 Bxe6 25. Qxh6 Bg4 26. Rxg4 Rxe2+ 27. Kd1 Re1+ 28. Bxe1 1-0

[Event "Early-Titled-Tuesday-Blitz-September-05-2023"]
[Site "Chess.com"]
[Date "2023.09.05"]
[Round "10"]
[White "Lady_Nika"]
[Black "Khromkin"]
[Result "1-0"]
[WhiteElo "2467"]
[BlackElo "2390"]
[TimeControl "180+1"]
[EndTime "9:52:50 PDT"]
[Termination "Lady_Nika won on time"]

1. e4 c5 2. Nc3 g6 3. g3 Bg7 4.
Bg2 e6 5. d3 Ne7 6. f4 Nbc6 7.
Nf3 O-O 8. O-O Rb8 9. Rb1 b5 10. Ne2 d5 11. e5 b4 12. Be3 Qa5 13. Nc1 Nf5 14. Bf2 Nfd4 15. Nxd4 Nxd4 16. Nb3 Nxb3 17. axb3 Qc7 18. Ra1 a5 19. h4 Ba6 20. Re1 Rfd8 21. h5 c4 22. bxc4 dxc4 23. d4 c3 24. b3 Bb7 25. Bxb7 Rxb7 26. hxg6 hxg6 27. Qf3 Rb5 28. Kg2 Rbd5 29. Rh1 Qc6 30. g4 Qa8 31. Kg3 Qa6 32. f5 exf5 33. gxf5 Rxd4 34. Bxd4 Rxd4 35. f6 Bf8 36. Rh4 Rd2 37. Rah1 Bg7 38. fxg7 1-0

[Event "Early-Titled-Tuesday-Blitz-September-05-2023"]
[Site "Chess.com"]
[Date "2023.09.05"]
[Round "10"]
[White "artin10862"]
[Black "Abund"]
[Result "0-1"]
[WhiteElo "2946"]
[BlackElo "2743"]
[TimeControl "180+1"]
[EndTime "9:52:58 PDT"]
[Termination "Abund won by resignation"]

1. e4 e5 2. Nf3 Nc6 3. Bc4 Bc5 4. d3 Nf6 5. c3 O-O 6. O-O d5 7.
exd5 Nxd5 8. Re1 Bg4 9. h3 Bh5 10. b4 Bxf3 11. Qxf3 Ndxb4 12. cxb4 Bd4 13. b5 Ne7 14.
Ba3 Bxa1 15. Qxb7 Qd7 16. Qf3 Kh8 17. Re2 f6 18. Nd2 Rfd8 19. Ne4 Nf5 20. Re1 Bd4 21. Rc1 Bb6 22. Bb3 Nd4 23. Qd1 Nxb3 24. Qxb3 Qxd3 25.
Qa4 Rd4 26. Qa6 Qxe4 0-1

[Event "Early-Titled-Tuesday-Blitz-September-05-2023"]
[Site "Chess.com"]
[Date "2023.09.05"]
[Round "10"]
[White "Irina_Mikhaylova"]
[Black "AdrianaPalao"]
[Result "0-1"]
[WhiteElo "2294"]
[BlackElo "2113"]
[TimeControl "180+1"]
[EndTime "9:52:59 PDT"]
[Termination "AdrianaPalao won by resignation"]

1. Nf3 Nf6 2. d4 e6 3. c4 Bb4+ 4. Nbd2 O-O 5. g3 c5 6. dxc5 Bxc5 7. Bg2 d5 8. cxd5 exd5 9. Nb3 Bb6 10. O-O Nc6 11. Bg5 h6 12. Bf4 Be6 13. Nbd4 Nxd4 14. Nxd4 Rc8 15. Qd3 Rc4 16. Be3 Ng4 17. Nxe6 fxe6 18.
Bxb6 Qxb6 19. e3 Ne5 20. Qb3 Qc7 21. Rad1 Rc2 22. Qa3 Ng4 23. Qd3 Nxf2 24. Rb1 Nxd3 0-1

[Event "Early-Titled-Tuesday-Blitz-September-05-2023"]
[Site "Chess.com"]
[Date "2023.09.05"]
[Round "10"]
[White "hakanazeri2"]
[Black "PetrolulSah"]
[Result "1-0"]
[WhiteElo "2574"]
[BlackElo "2165"]
[TimeControl "180+1"]
[EndTime "9:53:01 PDT"]
[Termination "hakanazeri2 won by resignation"]

1. d4 Nf6 2. Nf3 d5 3. c4 c6 4.
Nc3 dxc4 5. a4 Bf5 6. e3 e6 7. Bxc4 Bb4 8. O-O O-O 9. Bd3 Nbd7 10. e4 Bg4 11. h3 Bh5 12. e5 Nd5 13. Nxd5 cxd5 14. b3 Bc3 15. Ra2 Bxf3 16. Qxf3 Bxd4 17. Bxh7+ Kxh7 18. Qd3+ f5 19. Qxd4 Qc7 20. Ba3 Rh8 21. Bd6 Qb6 22. Qh4+ Kg8 23. Qe7 Qd8 24. Qxe6+ Kh7 25.
Qxf5+ Kg8 26. Qe6+ Kh7 27. Qxd5 Nb6 28. Qxb7 Qg5 29.
Qe4+ Kg8 30. a5 Rxh3 31. axb6 Re8 32. bxa7 Qh5 33. gxh3 Qg5+ 34. Kh1 1-0

[Event "Early-Titled-Tuesday-Blitz-September-05-2023"]
[Site "Chess.com"]
[Date "2023.09.05"]
[Round "10"]
[White "TanitoluwaAps116"]
[Black "bescmelasti"]
[Result "0-1"]
[WhiteElo "2763"]
[BlackElo "2627"]
[TimeControl "180+1"]
[EndTime "9:53:06 PDT"]
[Termination "bescmelasti won by resignation"]

1. e4 e6 2. d4 d5 3. exd5 exd5 4. Nf3 Nf6 5. Bd3 Bd6 6. O-O O-O 7. h3 h6 8. Re1 Re8 9. Rxe8+ Qxe8 10. Nc3 c6 11.
Ne2 Ne4 12. Bf4 Bxf4 13. Nxf4 Bf5 14. Nh4 Bh7 15. Qg4 Nd7 16. Nh5 Bg6 17. Nxg6 fxg6 18.
Nf4 g5 19. Nh5 Ndf6 20. Nxf6+ Nxf6 21. Qf5 Qe7 22. a4 a5 23. Ra3 Rf8 24. Rb3 Ne4 25.
Qe5 Qxe5 26. dxe5 Nc5 27. Rc3 Nxa4 28. Ra3 Nxb2 29. Rxa5 Re8 30. Bg6 Rb8 31. Ra3 Nc4 32.
Rf3 Nxe5 0-1

[Event "Early-Titled-Tuesday-Blitz-September-05-2023"]
[Site "Chess.com"]
[Date "2023.09.05"]
[Round "10"]
[White "Beca95"]
[Black "Hope_6"]
[Result "1-0"]
[WhiteElo "2981"]
[BlackElo "2718"]
[TimeControl "180+1"]
[EndTime "9:53:08 PDT"]
[Termination "Beca95 won by resignation"]

1. Nf3 d5 2. c4 c6 3. e3 Nf6 4. Nc3 e6 5. b3 Bd6 6. Bb2 O-O 7. Qc2 Re8 8. g4 Nxg4 9. Rg1 e5 10. cxd5 cxd5 11. Nxd5 Nc6 12. h3 Nf6 13. Ng5 g6 14.
Bc4 Nxd5 15. Bxd5 Re7 16. Nxf7 Rxf7 17. Rxg6+ Kf8 18. Bxf7 hxg6 19. Qxg6 Nb4 20. Bc4 Qc7 21. Ke2 b5 22. Qf6+ Ke8 23. Bxb5+ Bd7 24. Bc4 Qc5 25.
Bf7+ Kf8 26. Be6+ Ke8 27. Qf7+ 1-0

[Event "Early-Titled-Tuesday-Blitz-September-05-2023"]
[Site "Chess.com"]
[Date "2023.09.05"]
[Round "10"]
[White "Chessdude1987"]
[Black "GamayevOleg"]
[Result "1-0"]
[WhiteElo "2443"]
[BlackElo "2580"]
[TimeControl "180+1"]
[EndTime "9:53:13 PDT"]
[Termination "Chessdude1987 won by checkmate"]

1. e4 d6 2. d4 Nf6 3. Nc3 e5 4. f4 exd4 5. Qxd4 Be7 6. h3 O-O 7. Be3 c6 8. g4 Nbd7 9. g5 Nh5 10. Nge2 d5 11. O-O-O dxe4 12. Nxe4 Qa5 13. Kb1 Nb6 14. Bg2 Be6 15. b3 Rad8 16. Qb2 Ba3 17. Qa1 Rfe8 18. Nd4 Bd5 19. Bd2 Bb4 20. Bxb4 Qxb4 21. a3 Qa5 22. b4 Qa6 23. Nc5 Qc4 24. Bf1 Bxh1 25. Bxc4 Nxc4 26.
Rxh1 Nxf4 27. Nf5 Re5 28. Nxb7 Rde8 29. Ka2 Rxf5 30. Qc3 Re4 31. Rd1 Nd5 32. Qd3 g6 33.
Nc5 Ref4 34. Re1 Rf3 35. Re8+ Kg7 36. Qd4+ f6 37. gxf6+ Kf7 38. Qxc4 Rc3 39. Re7+ Kf8 40. Qe4 Rxc5 41. Re8+ Kf7 42. Qe6# 1-0

[Event "Early-Titled-Tuesday-Blitz-September-05-2023"]
[Site "Chess.com"]
[Date "2023.09.05"]
[Round "10"]
[White "Hikaru"]
[Black "Mops_2004"]
[Result "1-0"]
[WhiteElo "3243"]
[BlackElo "2827"]
[TimeControl "180+1"]
[EndTime "9:53:14 PDT"]
[Termination "Hikaru won by resignation"]

1. Nf3 d5 2. b3 Nf6 3. Bb2 Bf5 4. Ba3 g6 5. e3 Bg7 6. Bb2 O-O 7.
d4 c5 8. dxc5 Qa5+ 9. Nbd2 Ne4 10. Bxg7 Kxg7 11. a3 Qxc5 12. Nd4 Bd7 13. c4 e5 14.
N4f3 Nxd2 15. Nxd2 Be6 16. b4 Qe7 17. c5 a5 18. Rc1 axb4 19. axb4 d4 20. e4 Nc6 21.
b5 Na5 22. Bd3 Rfc8 23. Qc2 Rc7 24. O-O Rac8 25. Qa4 b6 26. c6 f5 27. Rfe1 f4 28. Nf3 Bg4 29. Nd2 g5 30. Ra1 h5 31. Qc2 Be6 32. Nc4 Nxc4 33. Bxc4 g4 34. Bxe6 Qxe6 35. Qa2 Qxa2 36. Rxa2 Kf6 37. Ra6 Rb8 38. Rc1 Ke6 39. Kf1 Kd6 40. Ke2 h4 41. Kd3 Rf7 42. Rca1 f3 43.
g3 hxg3 44. hxg3 Rg7 45. Ra7 Rbg8 46. Kc4 Rxa7 47. Rxa7 Rh8 48. Rd7+ Ke6 49. Rd5 Rh2 50. c7 Rxf2 51. c8=Q+ 1-0

[Event "Early-Titled-Tuesday-Blitz-September-05-2023"]
[Site "Chess.com"]
[Date "2023.09.05"]
[Round "10"]
[White "FREDERICKtheMATE"]
[Black "Let_it_be_1"]
[Result "1-0"]
[WhiteElo "2551"]
[BlackElo "2632"]
[TimeControl "180+1"]
[EndTime "9:53:19 PDT"]
[Termination "FREDERICKtheMATE won by resignation"]

1. Nf3 d5 2. g3 Nf6 3. Bg2 e6 4. O-O Be7 5. d4 O-O 6. c4 dxc4 7. Na3 Bxa3 8. bxa3 Nc6 9. Rb1 Nd5 10.
Qc2 Nb6 11. Rd1 h6 12. e4 Bd7 13. Be3 Ne7 14. Rdc1 f5 15. Ne5 fxe4 16. Bxe4 Ba4 17. Qe2 Ned5 18. Qh5 Qf6 19. Ng4 Qf7 20. Bg6 Qe7 21.
Nxh6+ gxh6 22. Bxh6 Be8 23. Bxf8 Bxg6 24. Qxg6+ Kxf8 25.
Re1 Re8 26. Re5 Qf6 27. Qh5 Ke7 28. a4 a5 29. Rb5 Kd6 30. Rxa5 Rf8 31. f4 Nxf4 32.
gxf4 Qxf4 33. Qe2 Qxd4+ 34. Kh1 Qxe5 35. Rxe5 1-0

[Event "Early-Titled-Tuesday-Blitz-September-05-2023"]
[Site "Chess.com"]
[Date "2023.09.05"]
[Round "10"]
[White "LoaySameer"]
[Black "venturov"]
[Result "0-1"]
[WhiteElo "2532"]
[BlackElo "2449"]
[TimeControl "180+1"]
[EndTime "9:53:22 PDT"]
[Termination "venturov won by resignation"]

1. Nf3 g6 2. g3 Bg7 3. Bg2 e5 4. c4 Ne7 5. Nc3 d5 6. cxd5 Nxd5 7. d4 Nxc3 8. bxc3 exd4 9. cxd4 O-O 10. O-O c5 11. Ba3 Na6 12. Rc1 Re8 13. dxc5 Qa5 14. Ng5 Qxa3 15. c6 Qe7 16. Bd5 Qxg5 17. cxb7 Bxb7 18.
Bxb7 Rad8 19. Qa4 Nc5 20. Qxa7 Nxb7 21. Qxb7 Rxe2 22. Rc7 Qf6 23. a4 h5 24. a5 Rdd2 25.
Qb6 Qf3 26. a6 Bd4 27. Qb8+ Kg7 28. Qb7 Bxf2+ 0-1

[Event "Early-Titled-Tuesday-Blitz-September-05-2023"]
[Site "Chess.com"]
[Date "2023.09.05"]
[Round "10"]
[White "malakismayil"]
[Black "wannabe2700"]
[Result "1-0"]
[WhiteElo "2541"]
[BlackElo "2614"]
[TimeControl "180+1"]
[EndTime "9:53:23 PDT"]
[Termination "malakismayil won by resignation"]

1. e4 e6 2. d4 d5 3. Nd2 c5 4. exd5 Qxd5 5. dxc5 Nf6 6. Ngf3 Qxc5 7. Bd3 Be7 8. O-O O-O 9. Nb3 Qc7 10. Qe2 Nc6 11. c3 b6 12. Bg5 Bb7 13. Rad1 Rfd8 14.
Bb1 Rxd1 15. Rxd1 Rd8 16. Rxd8+ Qxd8 17. Qc2 g6 18. h3 Nd5 19. Bxe7 Qxe7 20. Qd2 Qf6 21.
c4 Nf4 22. Be4 Na5 23. Bxb7 Nxb7 24. Qd7 Nc5 25. Nxc5 bxc5 26. Qc8+ Kg7 27. Qxc5 Qxb2 28. Qxa7 Qc1+ 29. Kh2 Qxc4 30. Ne5 Qe4 31. Qxf7+ Kh6 32.
Qf8+ Kg5 33. Nf3+ Qxf3 34. gxf3 1-0

[Event "Early-Titled-Tuesday-Blitz-September-05-2023"]
[Site "Chess.com"]
[Date "2023.09.05"]
[Round "10"]
[White "DopplerCharlotteDeWitte"]
[Black "TatjanaVasilevich"]
[Result "0-1"]
[WhiteElo "2701"]
[BlackElo "2611"]
[TimeControl "180+1"]
[EndTime "9:53:32 PDT"]
[Termination "TatjanaVasilevich won on time"]

1. e4 c5 2. b4 cxb4 3. a3 bxa3 4.
d4 g6 5. Nxa3 Bg7 6. c3 d6 7. f4 Nf6 8. Bd3 O-O 9. Nf3 e5 10.
fxe5 dxe5 11. Nxe5 Nbd7 12. Nxd7 Bxd7 13. O-O Qc7 14. Bd2 Rfe8 15. Qf3 Bg4 16. Nb5 Qd7 17. Qf4 a6 18. Nd6 Re7 19. h3 Be6 20. d5 Bxd5 21.
exd5 Nxd5 22. Qf3 Qxd6 23. Rad1 Nxc3 24. Bxc3 Bxc3 25. Kh1 Qc6 26. Qg3 Bg7 27. Rc1 Qd7 28. Bc4 b5 29. Ba2 Rd8 30. Qg5 a5 31. Rc5 Qe8 32.
Rxb5 h6 33. Qc5 Rc8 34. Qd5 Rd8 35. Qc5 Bd4 36. Qc4 Rc8 37. Qd3 Bg7 38. Rd5 Re6 0-1

[Event "Early-Titled-Tuesday-Blitz-September-05-2023"]
[Site "Chess.com"]
[Date "2023.09.05"]
[Round "10"]
[White "Orest_Vovk"]
[Black "Cambek64"]
[Result "1-0"]
[WhiteElo "2616"]
[BlackElo "2505"]
[TimeControl "180+1"]
[EndTime "9:53:34 PDT"]
[Termination "Orest_Vovk won by resignation"]

1. e4 c5 2. Nf3 d6 3. Bb5+ Bd7 4.
Bxd7+ Qxd7 5. O-O Nc6 6. c3 e6 7. d4 cxd4 8. cxd4 Nf6 9. Nc3 d5 10.
e5 Ne4 11. Nxe4 dxe4 12. Ng5 Qxd4 13. Qxd4 Nxd4 14. Nxe4 Be7 15. Be3 Nc6 16. f4 O-O-O 17. Rfd1 Rxd1+ 18. Rxd1 Rd8 19. Rxd8+ Kxd8 20. a3 b6 21. b4 Kd7 22. Kf2 Kc7 23. Ke2 Kd7 24. Kd3 Kc7 25. Kc4 Nb8 26. Kb5 a6+ 27. Kc4 Kc6 28.
g4 b5+ 29. Kd3 Nd7 30. h3 f6 31. exf6 Nxf6 32. Nxf6 Bxf6 33. Bd4 Bxd4 34. Kxd4 Kd6 35.
Ke4 Kd7 36. Ke5 Ke7 37. h4 h6 38. g5 Kf7 39. Kd6 hxg5 40. hxg5 g6 41. Kd7 1-0

[Event "Early-Titled-Tuesday-Blitz-September-05-2023"]
[Site "Chess.com"]
[Date "2023.09.05"]
[Round "10"]
[White "Shuvalov"]
[Black "kikoveiga"]
[Result "0-1"]
[WhiteElo "2488"]
[BlackElo "2600"]
[TimeControl "180+1"]
[EndTime "9:53:36 PDT"]
[Termination "kikoveiga won by resignation"]

1. d4 Nf6 2. c4 e6 3. Nc3 Bb4 4. e3 O-O 5. a3 Be7 6. Bd3 d5 7. c5 a5 8. Bd2 b6 9. b4 axb4 10.
axb4 Rxa1 11. Qxa1 Nc6 12. Nce2 e5 13. dxe5 Ng4 14.
Nf3 bxc5 15. bxc5 Bxc5 16. O-O Qe7 17. Rc1 Ngxe5 18. Nxe5 Nxe5 19. Rxc5 Nxd3 20. Rxd5 Rd8 21. Qd4 Rxd5 22. Qxd5 Qd7 23. Qxd7 Bxd7 24. Kf1 f6 25.
Nd4 c5 26. Nc2 Bb5 27. Na3 Ba6 28. Bc3 Nf4+ 29. Ke1 Nxg2+ 30. Kd2 Nh4 31. h3 Kf7 32. Ba5 Nf3+ 33. Kc3 Ne5 34. Bb6 Nd7 35. Ba7 Ke6 36. Nc4 Bxc4 37. Kxc4 Kd6 38. Kb5 Kd5 39. f3 f5 40. h4 g6 41. Ka6 Kc6 42. e4 f4 43.
Ka5 Kb7 44. Bxc5 Nxc5 45. Kb5 Nxe4 46. Kc4 Nd2+ 47. Kd4 Nxf3+ 48. Ke4 Nxh4 49. Kxf4 Nf5 50. Kg5 Ne7 0-1

[Event "Early-Titled-Tuesday-Blitz-September-05-2023"]
[Site "Chess.com"]
[Date "2023.09.05"]
[Round "10"]
[White "CrushingKings"]
[Black "Harry_Rakkel"]
[Result "0-1"]
[WhiteElo "2552"]
[BlackElo "2657"]
[TimeControl "180+1"]
[EndTime "9:53:39 PDT"]
[Termination "Harry_Rakkel won by resignation"]

1. Nf3 Nf6 2. g3 d5 3. Bg2 c6 4. O-O Bg4 5. h3 Bxf3 6. exf3 Nbd7 7. f4 g6 8. d3 Bg7 9. Re1 O-O 10. Nd2 a5 11. Nf3 a4 12. a3 e6 13. Bd2 b5 14.
Bc3 c5 15. g4 Qc7 16. f5 exf5 17. gxf5 Rfe8 18. fxg6 hxg6 19. Rxe8+ Rxe8 20. Qd2 Nh5 21. Re1 Rxe1+ 22. Qxe1 d4 23. Bd2 Ndf6 24. Ne5 Bf8 25. Ng4 Nxg4 26. hxg4 Nf4 27. Qe4 Bd6 28. Qe8+ Kg7 29.
Qxb5 Qe7 30. Bxf4 Bxf4 31. Be4 Qh4 32. Qd7 Qh2+ 33. Kf1 Be3 34. fxe3 dxe3 35. Bg2 Qg3 36. Kg1 e2 0-1

[Event "Early-Titled-Tuesday-Blitz-September-05-2023"]
[Site "Chess.com"]
[Date "2023.09.05"]
[Round "10"]
[White "MasterKroket"]
[Black "milovichalex"]
[Result "1-0"]
[WhiteElo "2397"]
[BlackElo "2283"]
[TimeControl "180+1"]
[EndTime "9:53:39 PDT"]
[Termination "MasterKroket won by resignation"]

1. e4 e5 2. Nf3 Nc6 3. Bb5 a6 4. Ba4 Nf6 5. O-O Be7 6. Re1 b5 7. Bb3 O-O 8. c3 d5 9. exd5 Nxd5 10. Nxe5 Nxe5 11. Rxe5 c6 12. d4 Bd6 13. Re1 Qh4 14. g3 Qh3 15. Re4 g5 16. Qf1 Qh5 17. Qe2 Qg6 18.
Nd2 Bf5 19. f3 Bxe4 20. fxe4 Nb6 21. Nf3 h6 22. e5 Bc7 23. Bc2 Qe6 24. Qd3 Qg6 25.
Qxg6+ fxg6 26. Be4 Nd5 27. Bd2 Kg7 28. b3 Bb6 29. Kg2 Rad8 30. h3 b4 31. c4 Nc3 32.
Bxc3 bxc3 33. c5 Ba5 34. Bxc6 h5 35. Nxg5 Rc8 36. Bd7 Rfd8 37. e6 Rc7 38. c6 Bb6 39. d5 Bc5 40. Rc1 Bb4 41. Ne4 1-0

[Event "Early-Titled-Tuesday-Blitz-September-05-2023"]
[Site "Chess.com"]
[Date "2023.09.05"]
[Round "10"]
[White "Fengwi"]
[Black "ChEsper99"]
[Result "1-0"]
[WhiteElo "2343"]
[BlackElo "2177"]
[TimeControl "180+1"]
[EndTime "9:53:39 PDT"]
[Termination "Fengwi won by checkmate"]

1. Nf3 d5 2. b3 Nf6 3. Bb2 Bg4 4. e3 e6 5. h3 Bh5 6. d3 Bd6 7. Nbd2 O-O 8. g4 Bg6 9. Nh4 Nbd7 10. g5 Ne8 11. Nxg6 fxg6 12. Qg4 Qe7 13. h4 c6 14. h5 gxh5 15. Qxh5 g6 16. Qh3 Nc7 17. Be2 Rf7 18. Nf3 Ba3 19. O-O-O a5 20. Nh4 Nf8 21. Kb1 a4 22.
Ba1 axb3 23. cxb3 Rxf2 24. Rh2 Rxh2 25. Qxh2 Bd6 26. Qf2 Qxg5 27. Rg1 Qe7 28. Nf3 Qf7 29. Qh4 Be7 30. Qd4 Qf5 31. Rf1 Ne8 32. Qh8+ Kf7 33. Ne5# 1-0

[Event "Early-Titled-Tuesday-Blitz-September-05-2023"]
[Site "Chess.com"]
[Date "2023.09.05"]
[Round "10"]
[White "colegiodemadrid"]
[Black "Vesper2018"]
[Result "1/2-1/2"]
[WhiteElo "2475"]
[BlackElo "2590"]
[TimeControl "180+1"]
[EndTime "9:53:42 PDT"]
[Termination "Game drawn by repetition"]

1. e4 c5 2. Nf3 d6 3. d4 cxd4 4. Nxd4 Nf6 5. Nc3 a6 6. Bg5 Nbd7 7. f4 Qc7 8. Qf3 b5 9. Nd5 Nxd5 10. exd5 Nb6 11.
O-O-O Bb7 12. Bd3 Bxd5 13. Nxb5 axb5 14. Bxb5+ Kd8 15. Rxd5 Nxd5 16. Qxd5 Ra5 17. a4 f6 18. Bh4 g6 19. Kb1 Bh6 20. Qe4 Bxf4 21. Qxf4 g5 22.
Bxg5 fxg5 23. Qxg5 Kc8 24. Qg7 Rd8 25. Re1 Ra7 26.
Re3 Kb8 27. Qxh7 e5 28. Qf5 Qc5 29. Rb3 Rb7 30. Qf6 Rc8 31. Rc3 Qg1+ 32. Ka2 Rxc3 33. bxc3 Qc5 34. c4 Rxb5 35. cxb5 Qxc2+ 36. Ka3 Qc3+ 37.
Ka2 Qc2+ 38. Ka3 Qc3+ 39. Ka2 Qc2+ 1/2-1/2